 Dungeon Crawl Stone Soup version 0.22.1-1-ga44c0e5 (webtiles) character file.

263 Harpaggios the Magician (level 6, 0/28 HPs)
             Began as a Vine Stalker Enchanter on Oct 20, 2018.
             Was an Initiate of Dithmenos.
             Slain by a gnoll (2 damage)
             ... on level 4 of the Dungeon.
             The game lasted 00:26:52 (4684 turns).

Harpaggios the Magician (Vine Stalker Enchanter)    Turns: 4684, Time: 00:26:53

Health: 0/28       AC:  6    Str: 10    XL:     6   Next: 19%
Magic:  0/14       EV: 12    Int: 15    God:    Dithmenos [......]
Gold:   155        SH:  0    Dex: 17    Spells: 7/14 levels left

rFire    . . .     SeeInvis .   i - -2 dagger (curse)
rCold    . . .     Gourm    .   (no shield)
rNeg     . . .     Faith    .   b - +0 robe
rPois    .         Spirit   +   e - +0 helmet
rElec    .         Reflect  .   (no cloak)
rCorr    .         Harm     .   c - +2 pair of gloves
MR       .....                  (no boots)
Stlth    +++.......             (no amulet)
HPRegen  0.49/turn              (no ring)
MPRegen  0.14/turn              (no ring)

@: drained
A: fangs 2, regeneration 1, magic shield, antimagic bite, no potion heal 3, rot
immunity
a: Renounce Religion


You were on level 4 of the Dungeon.
You worshipped Dithmenos.
Dithmenos was noncommittal.
You were not hungry.

You visited 1 branch of the dungeon, and saw 4 of its levels.

You collected 155 gold pieces.

Inventory:

Hand Weapons
 a - a +2 dagger
 i - a cursed -2 dagger (weapon)
 k - a +1 dagger of draining
Armour
 b - a +0 robe (worn)
 c - a +2 pair of gloves (worn)
 e - a +0 helmet (worn)
Jewellery
 j - an uncursed ring of fire
Wands
 f - a wand of paralysis (18)
Scrolls
 g - 2 scrolls of magic mapping
 m - a scroll of enchant armour {unknown}
Potions
 l - a potion of cancellation {unknown}
Comestibles
 d - 10 rations
 h - 2 chunks of flesh


   Skills:
 + Level 3.8(3.5) Short Blades
 - Level 1.5(1.2) Dodging
 - Level 3.6(3.2) Stealth
 + Level 4.7(4.3) Spellcasting
 - Level 3.0(2.6) Hexes


You had 7 spell levels left.
You knew the following spells:

 Your Spells              Type           Power        Failure   Level  Hunger
a - Corona                Hex            ##.....      6%          1    None
b - Confuse               Hex            ##......     19%         3    ###....
c - Tukima's Dance        Hex            ##......     19%         3    ###....

Your spell library contained the following spells:

 Spells                   Type           Power        Failure   Level  Hunger
 Ensorcelled Hibernation  Hex/Ice        #.....       16%         2    ##.....
 Dazzling Spray           Conj/Hex       #.....       30%         3    ###....


Dungeon Overview and Level Annotations

Branches:
Dungeon (4/15)
 Temple: D:4-7

Altars:
Cheibriados
Dithmenos
Fedhas

Annotations:
D:2 Crazy Yiuf
D:4 exclusion: upstairs, Grinder


Innate Abilities, Weirdness & Mutations

You have extremely sharp teeth.
Your natural rate of healing is unusually fast.
When hurt, damage is shared between your health and your magic reserves.
Your bite disrupts and absorbs the magic of your enemies.
Potions cannot restore your health.
You are immune to rotting.


Message History

The orc priest misses you.
You barely miss the gnoll.
The gnoll is heavily wounded.
The gnoll closely misses you.
The orc priest hits you from afar with a trident of piercing.
* * * LOW HITPOINT WARNING * * *
x2 You closely miss the gnoll.
The gnoll is heavily wounded.
The gnoll hits you but does no damage.
You barely miss the gnoll. You bite the gnoll, but do no damage.
The gnoll is heavily wounded.
The orc priest barely misses you. The gnoll hits you.
* * * LOW HITPOINT WARNING * * *
Casting: Corona (safe; 6% risk of failure)
Confirm with . or Enter, or press ? or * to list all spells.
Aiming: Corona (safe; 6% risk of failure)
Press: ? - help, Shift-Dir - straight line, f/p - gnoll
Aim: a gnoll (heavily wounded, chance to defeat MR: 55%)
The gnoll struggles to resist.
The gnoll hits you.
You die...

###########......##..##
#......##...#..#....##
........#.##..##.####
......)...#..##..#
..........#.##..##
...............##
...........#.###
..........##.#######.......#
..............og@# '.......#
..........#.########.......
.........##..# 5......
.........###.# .....
.........###.# ...
...........#.### #.#
................# #.#
........o....##.. #.#
.............# #.### #.#


You could see an orc priest and a gnoll.

Vanquished Creatures
  2 orc wizards (D:3)
  Natasha (D:4)
  2 worker ants (D:4)
  Robin (D:2)
  2 gnolls (D:4)
  2 adders
  An ooze (D:3)
  3 dart slugs
  A leopard gecko (D:3)
  10 orcs
  A giant cockroach (D:1)
  10 goblins
  9 hobgoblins
  3 kobolds
  3 quokkas
  A ball python (D:4)
  5 bats
  2 frilled lizards (D:1)
  10 rats
69 creatures vanquished.

Notes
Turn   | Place    | Note
-------+----------+-------------------------------------------
     0 | D:1      | Harpaggios the Vine Stalker Enchanter began the quest for
                  | the Orb.
     0 | D:1      | Reached XP level 1. HP: 9/9 MP: 4/4
    50 | D:1      | Reached skill level 1 in Short Blades
   376 | D:1      | Reached XP level 2. HP: 13/13 MP: 2/6
  1362 | D:2      | Reached XP level 3. HP: 13/16 MP: 5/8
  1497 | D:2      | Reached skill level 3 in Spellcasting
  1946 | D:2      | Noticed Robin
  2296 | D:2      | Killed Robin
  2296 | D:2      | Gained mutation: Your natural rate of healing is unusually
                  | fast. [Vine Stalker growth]
  2296 | D:2      | Reached XP level 4. HP: 8/21 MP: 2/10
  2925 | D:2      | Found a runed door.
  2929 | D:2      | Noticed Crazy Yiuf
  3181 | D:3      | Found a snail-covered altar of Cheibriados.
  3404 | D:3      | Learned a level 3 spell: Confuse
  3415 | D:3      | Learned a level 3 spell: Tukima's Dance
  3507 | D:3      | HP: 1/21 [orc wizard/magic dart (5)]
  3610 | D:3      | Reached skill level 4 in Spellcasting
  3610 | D:3      | Reached XP level 5. HP: 24/24 MP: 4/12
  3882 | D:3      | Found a blossoming altar of Fedhas.
  4117 | D:3      | Found a shadowy altar of Dithmenos.
  4132 | D:3      | Became a worshipper of Dithmenos the Shadowed
  4149 | D:4      | Noticed Natasha
  4171 | D:4      | Killed Natasha
  4246 | D:4      | Noticed Grinder
  4507 | D:4      | Reached XP level 6. HP: 22/28 MP: 13/13
  4681 | D:4      | HP: 1/28 [gnoll (3)]
  4684 | D:4      | Slain by a gnoll

Skill      XL: |  1  2  3  4 |
---------------+-------------+-----
Short Blades   | 1 2 3 |  3.8
Spellcasting   | 3 4 |  4.7
Dodging        | |  1.5
Stealth        | |  3.6
Hexes          | |  3.0

Action                   |  1- 3 |  4- 6 || total
-------------------------+-------+-------++-------
Melee: Dagger            |   163 |   298 ||   461
       Bite              |    40 |    87 ||   127
 Cast: Corona            |    42 |    50 ||    92
       Confuse           |       |     3 ||     3
  Use: Scroll            |     4 |     3 ||     7
       Potion            |     4 |       ||     4
 Stab: Confused          |       |     2 ||     2
  Eat: Chunk             |     4 |     6 ||    10
       Ration            |       |     1 ||     1
Armor: Robe              |    34 |    59 ||    93
Dodge: Dodged            |    76 |   127 ||   203
